 Dungeon Crawl Stone Soup version 0.23.2-1-ga50397a6bc (webtiles) character file.

Game seed: 11300790807071796912

2986 Brecoman the Blocker (level 10, -4/120 HPs)
             Began as a Formicid Fighter on May 31, 2019.
             Was a Believer of Yredelemnul.
             Killed by divine providence
             ... invoked by an orc priest
              (12 damage)
             ... on level 8 of the Dungeon.
             The game lasted 00:38:20 (9627 turns).

Brecoman the Blocker (Formicid Fighter)             Turns: 9627, Time: 00:38:22

Health: -4/120     AC: 25    Str: 24    XL:     10   Next: 9%
Magic:  15/15      EV:  2    Int:  8    God:    Yredelemnul [**....]
Gold:   345        SH: 12    Dex: 10    Spells: 9/9 levels left

rFire    . . .     SeeInvis .   G - -1 morningstar (curse)
rCold    . . .     Gourm    +   c - +1 shield
rNeg     + + +     Faith    .   (armour currently unavailable)
rPois    +         Spirit   .   (helmet unavailable)
rElec    .         Reflect  .   (cloak currently unavailable)
rCorr    +         Harm     .   (gloves currently unavailable)
MR       +....                  (boots currently unavailable)
Stlth    +.........             q - amulet of the gourmand
HPRegen  0.30/turn              k - ring of resist corrosion
MPRegen  0.14/turn              C - ring of wizardry

@: lethally poisoned (-4 -> -5), tree-form
A: permanent stasis, dig shafts and tunnels, four strong arms
a: Animate Remains, Recall Undead Slaves, Injury Mirror, Renounce Religion


You were on level 8 of the Dungeon.
You worshipped Yredelemnul.
Yredelemnul was pleased with you.
You were hungry.
You were a tree.
You visited 1 branch of the dungeon, and saw 8 of its levels.
You also visited: Sewer.

You collected 345 gold pieces.

Inventory:

Hand Weapons
 a - a +0 quarterstaff
 b - a +0 blowgun
 m - a +2 whip of holy wrath
 s - a +2 whip of venom
 D - the +0 flail of the Four Ghosts {freeze, +Blink rElec Int+4}
   (You found it on level 6 of the Dungeon)

   It has been specially enchanted to freeze those struck by it, causing extra
   injury to most foes and up to half again as much damage against particularly
   susceptible opponents.
   It can also slow down cold-blooded creatures.
   It affects your intelligence (+4).
   It insulates you from electricity.
   It lets you blink.
 G - a cursed -1 morningstar (weapon)
Missiles
 e - 265 stones (quivered)
 y - 6 poisoned needles
Armour
 c - a +1 shield (worn)
 g - a +0 pair of boots of stealth (melded)
 u - a +0 scale mail (melded)
 w - a +0 cloak (melded)
Jewellery
 k - a ring of resist corrosion (left branch)
 q - an amulet of the gourmand (around neck)
 t - an uncursed ring of flight
 C - a ring of wizardry (right branch)
Wands
 d - a wand of digging (7)
Scrolls
 h - 2 scrolls of teleportation
 l - a scroll of magic mapping
 A - 2 scrolls of blinking
 E - 2 scrolls of fear
 J - a scroll of fog
Potions
 j - a potion of cancellation {unknown}
 n - 3 potions of flight
 o - 6 potions of haste
 p - 6 potions of brilliance
 r - a potion of berserk rage
 v - a potion of agility
 z - a potion of magic
 B - 2 potions of might
 F - a potion of degeneration {unknown}
Comestibles
 f - 14 rations


   Skills:
 + Level 8.1 Fighting
 - Level 2.0 Staves
 + Level 8.1 Armour
 + Level 8.9 Shields
 + Level 7.5 Invocations


You had 9 spell levels left.
You didn't know any spells.
Your spell library was empty.

Dungeon Overview and Level Annotations

Branches:
Dungeon (8/15)             Temple (0/1) D:7
   Lair: D:8-11

Altars:
Ashenzari
Cheibriados
Dithmenos
Elyvilon
Gozag
Hepliaklqana
Kikubaaqudgha
Vehumet
Xom
Yredelemnul
Zin

Annotations:
D:8 3 runed translucent doors, voshxz's ghost, novice DEFE


Innate Abilities, Weirdness & Mutations

You cannot be hasted, slowed, berserked, paralysed or teleported.
You can dig through walls and to a lower floor.
Your four strong arms can wield two-handed weapons with a shield.
((You have a pair of large antennae on your head. (SInv)))


Message History

You block the killer bee's attack. x2; The killer bee completely misses you.
You miss the killer bee.
The killer bee stings you but does no damage.
The killer bee stings you.
* * * LOW HITPOINT WARNING * * *
You block the killer bee's attack.
You barely miss the killer bee.
You feel sick. You block the killer bee's attack.
The killer bee stings you but does no damage.
You block the killer bee's attack.
You miss the killer bee.
You feel sick.
The killer bee stings you but does no damage. x2
The killer bee completely misses you.
You closely miss the killer bee.
You are feeling hungry.
The killer bee stings you but does no damage. x2
The orc priest mumbles some strange prayers to Beogh against you.
Beogh smites you!
You die...
Your body rises from the dead as a mindless zombie.

.# #..........# .#
#.#........# .#
#.####...#.# .# #.#
#...#.# .# #.#
#...#>#######
.####.#####.#...#.....
............#....#
#####.#######....# #.#
####♣##### #.# #.yoo.#
..# #####.# .## .. #.
.# .. # . .# .


You could see a killer bee, an orc priest and an orc.

Vanquished Creatures
  A hungry ghost (D:8)
  A sky beast (D:5)
  A hornet zombie (D:5)
  A black bear (D:7)
  An orc warrior (D:6)
  4 phantoms
  2 ogres
  3 centaurs
  Blork the orc (D:4)
  A big kobold (D:7)
  A crocodile (D:8)
  A bullfrog (D:7)
  8 killer bees
  A crimson imp (D:5)
  2 bullfrog zombies
  3 orc priests
  A bullfrog skeleton (D:5)
  A centaur skeleton (D:7)
  A hound (D:3)
  5 jellies
  3 iguanas
  4 worker ants
  An orc wizard (D:6)
  A hound skeleton (D:6)
  A worker ant zombie (D:5)
  A howler monkey skeleton (D:7)
  7 gnolls
  17 adders
  A shadow imp (D:7)
  3 oozes
  2 adder skeletons (D:4)
  An adder zombie (D:6)
  2 worms
  A dart slug (D:3)
  6 leopard geckos
  8 orcs
  5 giant cockroaches
  7 hobgoblins
  12 jackals
  14 kobolds
  5 quokkas
  2 ball pythons (Sewer)
  7 bats
  10 frilled lizards
  9 goblins
  A leopard gecko skeleton (D:8)
  A quokka zombie (D:6)
  6 rats
178 creatures vanquished.

Vanquished Creatures (collateral kills)
  An ogre (D:4)
  A bullfrog (D:7)
  A killer bee (D:7)
  A hound (D:7)
  An orc wizard (D:6)
  An iguana (D:4)
  A worker ant (D:4)
  A gnoll (D:5)
  An adder (D:4)
  A leopard gecko (D:5)
  An orc (D:6)
  A frilled lizard (D:5)
12 creatures vanquished.

Vanquished Creatures (others)
  A centaur zombie (D:5)
  A killer bee zombie (D:8)
  A big kobold zombie (D:7)
  2 iguana zombies
  2 adder zombies
  5 gnoll zombies
  A quokka zombie (D:5)
13 creatures vanquished.

Grand Total: 203 creatures vanquished

Notes
Turn   | Place    | Note
-------+----------+-------------------------------------------
     0 | D:1      | Brecoman the Formicid Fighter began the quest for the Orb.
     0 | D:1      | Reached XP level 1. HP: 18/18 MP: 1/1
   134 | D:1      | Reached XP level 2. HP: 24/24 MP: 2/2
   461 | D:1      | Reached XP level 3. HP: 29/30 MP: 3/3
   687 | D:2      | Reached XP level 4. HP: 37/37 MP: 4/4
   817 | D:2      | Found a basalt altar of Yredelemnul.
   900 | D:2      | Became a worshipper of Yredelemnul the Dark
  1362 | D:3      | Reached XP level 5. HP: 42/42 MP: 5/5
  1420 | D:3      | Reached skill level 1 in Invocations
  1966 | D:4      | Noticed an ogre
  1999 | D:3      | Reached skill level 5 in Shields
  2004 | D:3      | Reached XP level 6. HP: 9/49 MP: 5/7
  2428 | D:4      | Noticed an ogre
  3082 | D:4      | Noticed a phantom
  3108 | D:4      | Killed a phantom
  3108 | D:4      | Reached * piety under Yredelemnul
  3108 | D:4      | Reached skill level 5 in Armour
  3115 | D:4      | Noticed a phantom
  3122 | D:4      | Noticed Blork the orc
  3140 | D:4      | Reached skill level 5 in Fighting
  3439 | D:4      | Killed an ogre
  3439 | D:4      | Reached XP level 7. HP: 51/56 MP: 9/9
  3900 | D:4      | Killed Blork the orc
  4059 | D:5      | Entered Level 5 of the Dungeon
  4133 | D:5      | Found a shimmering altar of Xom.
  4140 | D:5      | Reached XP level 8. HP: 62/64 MP: 9/11
  4750 | D:5      | Found a shattered altar of Ashenzari.
  4753 | D:5      | Found a radiant altar of Vehumet.
  4765 | D:5      | Found an ancient bone altar of Kikubaaqudgha.
  4809 | D:5      | Found a snail-covered altar of Cheibriados.
  4810 | D:5      | Found an opulent altar of Gozag.
  4810 | D:5      | Found a glowing silver altar of Zin.
  4810 | D:5      | Found a white marble altar of Elyvilon.
  4811 | D:5      | Found a hazy altar of Hepliaklqana.
  4813 | D:5      | Found a shadowy altar of Dithmenos.
  5030 | D:6      | Found a glowing drain.
  5048 | D:6      | Reached skill level 5 in Invocations
  5071 | Sewer    | Entered a sewer
  5302 | Sewer    | Reached ** piety under Yredelemnul
  5814 | D:6      | Got a brightly glowing flail
  5815 | D:6      | Identified the cursed +0 flail of the Four Ghosts {freeze,
                  | +Blink rElec Int+4} (You found it on level 6 of the
                  | Dungeon)
  5995 | D:6      | Reached XP level 9. HP: 15/71 MP: 11/13
  7166 | D:7      | Found a staircase to the Ecumenical Temple.
  7685 | D:8      | Found a runed translucent gate.
  7686 | D:8      | Found a runed translucent gate.
  7688 | D:8      | Found a runed translucent gate.
  7715 | D:8      | Reached *** piety under Yredelemnul
  7749 | D:8      | Noticed voshxz's ghost (novice DEFE)
  8160 | D:8      | Identified a scroll of acquirement
  8879 | D:8      | Reached XP level 10. HP: 47/80 MP: 15/15
  9627 | D:8      | Killed from afar by an orc priest

Skill      XL: |  1  2  3  4  5  6  7  8  9 10 |
---------------+-------------------------------+-----
Shields        | 4 5 6 7 8 |  8.9
Armour         | 4 5 6 8 |  8.1
Fighting       | 4 5 6 7 8 |  8.1
Invocations    | 1 3 4 5 7 |  7.5
Staves         | |  2.0

Action                   |  1- 3 |  4- 6 |  7- 9 | 10-12 || total
-------------------------+-------+-------+-------+-------++-------
Melee: Quarterstaff      |    94 |   180 |   234 |       ||   508
       Flail             |       |       |    77 |       ||    77
       Morningstar       |       |       |   204 |    58 ||   262
Throw: Stone             |       |     4 |       |       ||     4
Invok: Animate Remains   |       |       |    18 |     1 ||    19
       Injury Mirror     |       |       |     4 |       ||     4
       Animate Dead      |       |       |     1 |       ||     1
 Abil: Evoke Flight      |       |     1 |       |       ||     1
       Dig               |       |       |     1 |       ||     1
Evoke: Wand              |       |       |     1 |     3 ||     4
  Use: Potion            |       |     2 |     5 |     1 ||     8
       Scroll            |       |     8 |    14 |       ||    22
 Stab: Distracted        |       |       |     1 |       ||     1
  Eat: Chunk             |       |     7 |    27 |       ||    34
       Ration            |       |       |     5 |       ||     5
Armor: Scale mail        |    57 |    65 |   212 |    22 ||   356
       Skin              |       |       |       |     8 ||     8
Dodge: Dodged            |    38 |    64 |   223 |    32 ||   357
Block: Shield            |    59 |   135 |   410 |    66 ||   670
